 Dungeon Crawl Stone Soup version 0.31-a0-971-g75a2e9a4b4 (webtiles) character file.

Game seed: 1081506858800061954

52 avis the Ducker (level 3, 16/16 HPs)
             Began as a Felid Artificer on Oct 29, 2023.
             Got out of the dungeon alive.
             The game lasted 00:09:08 (1457 turns).

avis the Ducker (Felid Artificer)                   Turns: 1457, Time: 00:09:08

Health: 16/16      AC:  1    Str: 14    XL:     3   Next: 60%
Magic:  4/4        EV: 19    Int: 12    God:
Gold:   29         SH:  0    Dex: 18    Spells: 2/2 levels left
                                        Lives:  0   Deaths: 1

rFire   . .          .
                       - Unarmed
rCold   . . .        (shield unavailable)
rNeg    . . .        (body armour unavailable)
rPois   .            (helmet unavailable)
rElec   .            (cloak unavailable)
rCorr   .            (gloves unavailable)
SInv    +            (boots unavailable)
Will    .....        (no amulet)
Stlth   ++           f - +6 ring of strength
HPRegen 0.22/turn    (no ring)
MPRegen 0.09/turn

%: no passive effects
@: quick
A: very small, claws 1, fangs 3, see invisible, speed 1, shaggy fur 1, stealthy
paws, no weapons or thrown items, no armour, multi-lived
a: no special abilities


You escaped.
You visited 1 branch of the dungeon, and saw 2 of its levels.

You collected 29 gold pieces.

Inventory:

Jewellery
 f - a +6 ring of strength (left paw)
Wands
 a - a wand of flame (15) (quivered)
 b - a wand of charming (15)
 c - a wand of iceblast (5)
Scrolls
 d - 2 scrolls of identify {unknown}
 e - a scroll of enchant weapon {unknown}
 h - a scroll of enchant armour {unknown}
Potions
 g - a potion of cancellation


   Skills:
 - Level 2.0 Fighting
 * Level 4.8 Dodging
 - Level 1.3 Stealth
 - Level 1.0 Unarmed Combat
 - Level 3.2 Evocations


You had 2 spell levels left.
You didn't know any spells.
Your spell library contained the following spells:

 Spells                   Type           Power      Damage    Failure   Level
 Ensorcelled Hibernation  Hex/Ice        0%         N/A       45%         2
 Jinxbite                 Hex            0%         N/A       45%         2
 Anguish                  Hex/Necr       0%         N/A       97%         4


Dungeon Overview and Level Annotations

Branches:
Dungeon (2/15)

Altars:


Innate Abilities, Weirdness & Mutations

You have sharp claws.
You have razor-sharp teeth.
You have supernaturally acute eyesight. (SInv)
You cover ground quickly. (Speed+)
You are covered in fur. (AC +1)
Your paws help you pounce on unaware monsters.
You are incapable of wielding weapons or throwing items.
You cannot wear armour.
You gain extra lives every three experience levels.


Message History

You closely miss the adder. The adder bites you.
You are poisoned.
The adder poisons you!
You miss the adder.
You feel sick. The adder closely misses you. x2
You closely miss the adder.
You feel sick. The adder misses you.
You scratch the adder but do no damage.
You feel sick. The adder bites you.
You are more poisoned.
The adder poisons you!
You miss the adder.
You feel sick. The adder misses you. The adder closely misses you.
You barely miss the adder.
You feel sick. The adder barely misses you.
You miss the adder.
* * * LOW HITPOINT WARNING * * *
You feel sick. The adder completely misses you.
It was a potion of cancellation.
You feel magically purged.
* * * LOW HITPOINT WARNING * * *
You feel sick. The adder completely misses you.
* * * LOW HITPOINT WARNING * * *
You feel sick. The adder attacks as it pursues you!
The adder completely misses you.
* * * LOW HITPOINT WARNING * * *
You feel sick.
You miss the adder.
* * * LOW HITPOINT WARNING * * *
You feel sick.
You are no longer poisoned.
The adder bites you but does no damage. The adder bites you.
You die...
You are lethally poisoned!
The adder poisons you!
You rejoin the land of the living...
Found a scroll labelled MIPHEU WEOVOVU.
Found a gold piece.
An adder is nearby!
There is an escape hatch in the ceiling here.
The adder closely misses you. A mysterious force pulls you upwards.
The hatch slams shut behind you.
There is an open door here.
There is a staircase leading out of the dungeon here.
You have escaped!

.............###'###.........###.
.........##..#8...8#..##.........
.#......####.##.#.##.####...####.
.........##..#8.#.8#..##....#....
.............##.#.##.............
......########8...8########..)...
......#8#8#8#8#...#8#8#8#8#..#...
......#...................#..#...
......'.#####...@...#####.'..#...
####..#...................#..#.#.
......#8#8#8#8#...#8#8#8#8#..#...
......########8...8########..#...
.............##.#.##.........#...
.........##..#8.#.8#..##.....#.#.
####....####.##.#.##.####....#.#.
#.....##..#8...8#..##.....#.#.
#.........###'###.........#.#.


There were no monsters in sight!

Vanquished Creatures
  An adder (D:2)
  A worm (D:2)
  2 dart slugs (D:1)
  6 endoplasms (D:1)
  4 giant cockroaches (D:1)
  2 goblins
  4 hobgoblins (D:1)
  4 bats (D:1)
  4 frilled lizards (D:1)
  3 kobolds
  3 rats
34 creatures vanquished.

Notes
Turn   | Place    | Note
-------+----------+-------------------------------------------
     0 | D:1      | avis the Felid Artificer began the quest for the Orb.
     0 | D:1      | Reached XP level 1. HP: 9/9 MP: 2/2
   178 | D:1      | Reached XP level 2. HP: 10/13 MP: 3/3
   291 | D:1      | Reached skill level 4 in Dodging
   505 | D:1      | Reached skill level 1 in Unarmed Combat
   566 | D:1      | Reached XP level 3. HP: 16/16 MP: 4/4
  1411 | D:2      | Slain by an adder
  1457 | D:$      | Got out of the dungeon alive.

Illustrated notes

Levels and vault maps discovered:
D:1:      heliophobic_arrival_ceremonial_halls, layout_basic
D:2:      layout_basic, basic_altar, minmay_misc_feat_enclosed, uniq_sigmund

Skill      XL: |  1  2 |
---------------+-------+-----
Fighting       | 2 |  2.0
Dodging        | 4 |  4.8
Unarmed Combat | 1 |  1.0
Stealth        | |  1.3
Evocations     | |  3.2

Action                     || total
---------------------------++-------
  Melee: Unarmed           ||   102
         Bite              ||    12
    Use: Potion            ||     1
   Stab: Sleeping          ||     1
 Armour: Skin              ||    29
  Dodge: Dodged            ||    86

Table legend: (Time is in decaauts)
 A = Elapsed time spent in this place.
 B = Non-inter-level travel time spent in this place.
 C = Inter-level travel time spent in this place.
 D = Time resting spent in this place.
 E = Time spent auto-exploring this place.
 F = Levels seen in this place.
 G = Mean time per level.
                   A        B        C        D        E       F      G
               +--------+--------+--------+--------+--------+-----+--------+
         Total |   1250 |   1117 |    133 |    262 |    561 |   2 |  625.0 |
       Dungeon |   1250 |   1117 |    133 |    262 |    561 |   2 |  625.0 |
               +--------+--------+--------+--------+--------+-----+--------+

Top non-repeatable levels by time:
     D:1: 1029 daAuts
     D:2: 220 daAuts
